AoeStats
← christar123 ten

Arabian Desert

510307400Analyzed
1v1 RM · 2d ago on Sep 30, 2026· 32m 47s· 2 players
Game mode
Random Map
Map size
Tiny (2 player)
Population
200
Speed
Normal
Resources
Standard
Victory
Conquest
Starting age
Dark Age
Ending age
Imperial Age
RankedLock teamsTeams togetherTeam positionsShared explorationLock speedFull tech treeHidden civsTurbo modeCheats
Victory
Defeat
🇬🇧 Bulgarians · United Kingdom
2098
+28
🇩🇪 Varangians · Germany
2450
-28
christar123 ten
7:01 Loom
9:12 Feudal Age
9:47 Double-Bit Axe
18:10 Scale Barding Armor
19:15 Forging
23:51 Castle Age
22:18 Fletching
22:59 Horse Collar
23:51 Bloodlines
23:55 Padded Archer Armor
23:51 Light Cavalry
25:41 Bodkin Arrow
26:14 Bow Saw
28:44 Wheelbarrow
28:47 Thumb Ring
30:11 Gold Mining
30:58 Ballistics
31:27 Iron Casting
NOC | Mati
3:43 Loom
9:17 Feudal Age
9:23 Man-at-Arms
16:36 Scale Mail Armor
17:12 Fletching
24:12 Castle Age
22:13 Horse Collar
22:19 Double-Bit Axe
24:25 Forging
26:23 Squires
27:56 Gambesons
31:02 Chain Mail Armor
Connection lost

Rejoining the realm…

Still unreachable

The connection could not be restored.

Session expired

The server has moved on; the page needs a fresh start.